 Dungeon Crawl Stone Soup version 0.31-a0-981-geadf994542 (webtiles) character file.

Game seed: 14072598304672216780

606 BinkBink the Ducker (level 7, -1/58 HPs)
             Began as a Merfolk Monk on Nov 1, 2023.
             Slain by Blork the orc
             ... wielding a +0 dire flail
              (12 damage)
             ... on level 5 of the Dungeon.
             The game lasted 00:03:35 (4199 turns).

BinkBink the Ducker (Merfolk Monk)                  Turns: 4199, Time: 00:03:36

Health: -1/58      AC:  2    Str: 12    XL:     7   Next: 42%
Magic:  7/7        EV: 16    Int:  9    God:
Gold:   178        SH:  0    Dex: 18    Spells: 6/6 levels left

rFire   . . .        a - +0 falchion
rCold   . . .        d - orb {light}
rNeg    . . .        b - +0 robe
rPois   .            (no helmet)
rElec   .            (no cloak)
rCorr   .            (no gloves)
SInv    .            (no boots)
Will    .....        (no amulet)
Stlth   +            (no ring)
HPRegen 0.29/turn    (no ring)
MPRegen 0.10/turn

%: no passive effects
@: mighty, glowing
A: (nimble swimmer 2), mertail
a: no special abilities


You were on level 5 of the Dungeon.
You visited 1 branch of the dungeon, and saw 5 of its levels.

You collected 178 gold pieces.

Inventory:

Hand Weapons
 a - a +0 falchion (weapon)
Armour
 b - a +0 robe (worn)
 d - an orb of light (worn)
Jewellery
 k - a +6 ring of intelligence
 n - a ring of protection from fire
 o - a +6 ring of intelligence
 r - a ring of resist corrosion
Wands
 e - a wand of mindburst (8)
Scrolls
 c - a scroll of immolation
 h - 3 scrolls of fog
 i - a scroll of revelation
 j - 2 scrolls of teleportation
 l - a scroll of summoning {unknown}
 m - a scroll of vulnerability {unknown}
 p - a scroll of blinking {unknown}
Potions
 g - a potion of curing {unknown}
 q - a potion of degeneration {unknown}


   Skills:
 + Level 6.0 Fighting
 + Level 6.4 Long Blades
 + Level 7.1 Dodging


You had 6 spell levels left.
You didn't know any spells.
Your spell library contained the following spells:

 Spells                   Type           Power      Damage    Failure   Level
 Blink                    Tloc           0%         N/A       52%         2
 Lesser Beckoning         Tloc           0%         N/A       52%         2
 Momentum Strike          Conj/Tloc      0%         3d8       52%         2
 Gell's Gravitas          Tloc           0%         N/A       77%         3
 Teleport Other           Tloc           0%         N/A       77%         3


Dungeon Overview and Level Annotations

Branches:
Dungeon (5/15)
 Temple: D:4-7

Altars:
Ashenzari
Trog
Vehumet

Annotations:
D:3 1 runed translucent door, Crazy Yiuf
D:5 Blork the orc


Innate Abilities, Weirdness & Mutations

((You are very nimble when in or above water. (Stealth+, EV+, Speed+++)))
Your lower body shifts to a powerful aquatic tail in water.


Message History

Blork the orc zaps a wand.
The puff of flame hits you! The orc misses you.
Items here: ))) [[ †.
You hit Blork the orc.
Blork the orc is lightly wounded.
Blork the orc zaps a wand.
The puff of flame hits you! The orc barely misses you.
Blork the orc zaps a wand.
The puff of flame misses you.
You hit the orc but do no damage. The orc completely misses you.
You slash the orc!
You kill the orc!
You hit Blork the orc but do no damage.
Blork the orc is lightly wounded.
Blork the orc hits you with a +0 dire flail!
You hit Blork the orc but do no damage.
Blork the orc is lightly wounded.
Blork the orc gestures at you while chanting.
The puff of flame misses you.
You hit Blork the orc but do no damage.
Blork the orc is lightly wounded.
Blork the orc zaps a wand.
The puff of flame hits you!
You slash Blork the orc!
Blork the orc is moderately wounded.
Blork the orc hits you with a +0 dire flail!
* * * LOW HITPOINT WARNING * * *
You hit Blork the orc.
Blork the orc is moderately wounded.
Blork the orc casts a spell.
Blork the orc seems to speed up.
It was a potion of might.
You feel very mighty all of a sudden.
Blork the orc hits you with a +0 dire flail.
* * * LOW HITPOINT WARNING * * *
Blork the orc barely misses you.
You slash Blork the orc!
Blork the orc is heavily wounded.
Blork the orc closely misses you.
You hit Blork the orc.
Blork the orc is severely wounded.
Blork the orc hits you with a +0 dire flail!
You die...

. #....................
..#.........#..........
#.#.........#......)... .
#...........#...........#
.........................
###........##.#.#........
###........##.#.###......
.......######.#.###......
.......### ..#.@oo......
.........##.######.#.....
.............. .# ...
.............# ## .
###..........#
#........... #...##..####
#...# ..# #...# ...


You could see Blork the orc (fast) and an orc.

Vanquished Creatures
  A water moccasin (D:4)
  2 ogres (D:4)
  A scorpion (D:4)
  A hound (D:4)
  An orc priest (D:3)
  2 iguanas
  5 adders
  2 white imps
  5 dart slugs
  7 orcs
  4 bats
  3 endoplasms
  3 giant cockroaches
  12 goblins
  9 hobgoblins
  2 jackals (D:1)
  3 quokkas
  9 ball pythons
  5 frilled lizards
  4 kobolds
  3 rats
84 creatures vanquished.

Notes
Turn   | Place    | Note
-------+----------+-------------------------------------------
     0 | D:1      | BinkBink the Merfolk Monk began the quest for the Orb.
     0 | D:1      | Reached XP level 1. HP: 18/18 MP: 1/1
   143 | D:1      | Reached XP level 2. HP: 24/24 MP: 2/2
   515 | D:1      | Reached XP level 3. HP: 30/30 MP: 3/3
   944 | D:2      | Reached XP level 4. HP: 30/37 MP: 4/4
  1025 | D:2      | Reached skill level 5 in Dodging
  1676 | D:3      | Found a radiant altar of Vehumet.
  1904 | D:3      | Found a bloodstained altar of Trog.
  2070 | D:3      | Reached XP level 5. HP: 3/43 MP: 5/5
  2575 | D:3      | Found a broken altar of Ashenzari.
  2881 | D:3      | Found a runed translucent door.
  2882 | D:3      | Noticed Crazy Yiuf
  2914 | D:4      | Noticed a water moccasin
  2940 | D:4      | Killed a water moccasin
  2941 | D:4      | Reached skill level 5 in Fighting
  2941 | D:4      | Reached skill level 5 in Long Blades
  2941 | D:4      | Reached skill level 6 in Dodging
  2941 | D:4      | Reached XP level 6. HP: 12/51 MP: 6/6
  3432 | D:4      | Reached XP level 7. HP: 49/56 MP: 7/7
  3871 | D:4      | Reached skill level 7 in Dodging
  4022 | D:5      | Entered Level 5 of the Dungeon
  4178 | D:5      | Noticed Blork the orc
  4199 | D:5      | Slain by Blork the orc

Illustrated notes

Levels and vault maps discovered:
D:1:      wander_arrival_estate, layout_loops_ring
D:2:      kennysheep_the_goblin_king, layout_basic, grunt_ministairs_8
D:3:      layout_loops_corners, general_overflow_altar,
          mainiacjoe_overflow_catch_the_wave, uniq_crazy_yiuf_cottage
D:4:      minmay_diamond_boxcup, layout_cave_pools, grunt_decor_fettered
D:5:      layout_basic, minmay_temple_entry_grid, uniq_blork_the_orc

Skill      XL: |  1  2  3  4  5  6  7 |
---------------+----------------------+-----
Long Blades    | 4 5 6 |  6.4
Fighting       | 4 5 6 |  6.0
Dodging        | 5 6 7 |  7.1

Action                     |  1- 3 |  4- 6 |  7- 9 || total
---------------------------+-------+-------+-------++-------
  Melee: Falchion          |    77 |   142 |    63 ||   282
    Use: Potion            |       |     4 |     1 ||     5
         Scroll            |       |       |     4 ||     4
 Armour: Robe              |    33 |    43 |    23 ||    99
         Skin              |       |    16 |       ||    16
  Dodge: Dodged            |    53 |   121 |    50 ||   224

Table legend: (Time is in decaauts)
 A = Elapsed time spent in this place.
 B = Non-inter-level travel time spent in this place.
 C = Inter-level travel time spent in this place.
 D = Time resting spent in this place.
 E = Time spent auto-exploring this place.
 F = Levels seen in this place.
 G = Mean time per level.
                   A        B        C        D        E       F      G
               +--------+--------+--------+--------+--------+-----+--------+
         Total |   4209 |   4137 |     72 |    801 |   2769 |   5 |  841.8 |
       Dungeon |   4209 |   4137 |     72 |    801 |   2769 |   5 |  841.8 |
               +--------+--------+--------+--------+--------+-----+--------+

Top non-repeatable levels by time:
     D:3: 1285 daAuts
     D:4: 1121 daAuts
     D:2: 1000 daAuts
     D:1: 624 daAuts
     D:5: 176 daAuts
